 Dungeon Crawl Stone Soup version 0.29-a0-1043-g569b05d6ff (webtiles) character file.

Game seed: 10353389517939993605

79 SensoryNuts the Shield-Bearer (level 4, -1/35 HPs)
             Began as a Vampire Fighter on Aug 15, 2022.
             Was a Follower of Qazlal.
             Succumbed to an orc wizard's poison
             ... on level 2 of the Dungeon.
             The game lasted 00:02:18 (1374 turns).

SensoryNuts the Shield-Bearer (Vampire Fighter)     Turns: 1374, Time: 00:02:19

Health: -1/35      AC:  7    Str: 17    XL:     4   Next: 17%
Magic:  4/4        EV:  9    Int: 10    God:    Qazlal [*.....]
Gold:   152        SH:  0    Dex: 13    Spells: 3/3 levels left

rFire   . . .      SeeInvis +   e - +0 hand axe (elec)
rCold   . . .      Faith    .   c - +0 buckler
rNeg    . . .      Spirit   .   b - +0 scale mail
rPois   .          Reflect  .   (no helmet)
rElec   .          Harm     .   k - scarf {repulsion}
rCorr   .          Rampage  .   j - +0 pair of gloves
Will    .....                   (no boots)
Stlth   ..........              (no amulet)
HPRegen 0.31/turn               (no ring)
MPRegen 0.09/turn               (no ring)

@: confused, lethally poisoned (-1 -> -15), healing quickly, repel missiles
A: alive, fangs 3, see invisible, vampiric 2, evolution 1
a: Exsanguinate, Renounce Religion


You were on level 2 of the Dungeon.
You worshipped Qazlal.
Qazlal was aware of your devotion.
You visited 1 branch of the dungeon, and saw 3 of its levels.

You collected 152 gold pieces.

Inventory:

Hand Weapons
 a - a +0 long sword
 e - a +0 hand axe of electrocution (weapon)
Armour
 b - a +0 scale mail (worn)
 c - a +0 buckler (worn)
 j - a +0 pair of gloves (worn)
 k - a scarf of repulsion (worn)
Scrolls
 g - a scroll of magic mapping
 h - 2 scrolls of teleportation
Potions
 d - a potion of might
 i - a potion of ambrosia {unknown}


   Skills:
 + Level 3.0 Fighting
 + Level 2.3 Long Blades
 + Level 1.8 Axes
 + Level 2.9 Armour
 + Level 0.4 Dodging
 + Level 3.0 Shields


You had 3 spell levels left.
You didn't know any spells.
Your spell library contained the following spells:

 Spells                   Type           Power      Damage    Failure   Level
 Frozen Ramparts          Ice            0%         1d1       99%         3
 Ice Form                 Ice/Tmut       0%         N/A       100%        4
 Summon Ice Beast         Ice/Summ       0%         N/A       100%        4


Dungeon Overview and Level Annotations

Branches:
Dungeon (3/15)

Altars:
Qazlal


Innate Abilities, Weirdness & Mutations

Your natural rate of healing is accelerated.
You have razor-sharp teeth.
You have supernaturally acute eyesight. (SInv)
You are afflicted with vampirism and can become a bat while bloodless.
You have hidden genetic potential.


Message History

The orc wizard hits you with a +1 dagger of venom.
You slash the orc! Lightning courses through the orc!
You kill the orc!
Qazlal accepts your kill.
You hit the orc. You closely miss the orc.
You hit the orc wizard but do no damage.
You block the orc's attack.
The orc is struck by lightning.
You kill the orc!
Qazlal accepts your kill.
The orc wizard hits you but does no damage.
You are poisoned.
You feel sick. You block the orc's attack.
The orc wizard points at you and mumbles some strange words.
You are confused.
In your confused state, you trip and fall back down the stairs.
You feel sick. The orc misses you.
The orc wizard hits you with a +1 dagger of venom.
You are more poisoned.
You feel very sick. The orc barely misses you.
The orc wizard hits you but does no damage.
You are more poisoned.
In your confused state, you trip and fall back down the stairs.
You feel very sick. The orc closely misses you.
The orc wizard hits you with a +1 dagger of venom.
You are more poisoned.
Unknown command.
* * * LOW HITPOINT WARNING * * *
You feel extremely sick. The orc hits you but does no damage.
The orc wizard points at you and mumbles some strange words.
You are more confused.
You climb upwards.
* * * LOW HITPOINT WARNING * * *
You feel extremely sick.
There is a stone staircase leading down here.
It was a potion of mutation.
You feel extremely strange.
You feel a hidden potential growing inside you.
You die...

.......### #..##.#....#.#.# #.#..
.........# ##.##.#.#..#.#.###.#).
#####....####..#.#.#..#.......#..
#####..........#.................
...............).###.####........
......##......#..................
......##......#........).<.......
......##......##.o...............
......##........@o.......########
......##......###........#
......##......# #........#
......##......# #........#
......##......# ##########
......######### #######


You could see an orc wizard and an orc.

Vanquished Creatures
  3 adders (D:2)
  2 dart slugs (D:2)
  3 orcs (D:3)
  5 ball pythons
  4 bats
  4 endoplasms
  4 giant cockroaches
  3 hobgoblins (D:1)
  3 quokkas
  A frilled lizard (D:1)
  4 goblins
  4 kobolds
  3 rats
43 creatures vanquished.

Vanquished Creatures (others)
  A plant (D:1)
1 creature vanquished.

Grand Total: 44 creatures vanquished

Notes
Turn   | Place    | Note
-------+----------+-------------------------------------------
     0 | D:1      | SensoryNuts the Vampire Fighter began the quest for the
                  | Orb.
     0 | D:1      | Reached XP level 1. HP: 17/17 MP: 1/1
   157 | D:1      | Reached XP level 2. HP: 23/23 MP: 2/2
   686 | D:2      | Gained mutation: You are afflicted with vampirism and can
                  | become a bat while bloodless. [Vampire growth]
   686 | D:2      | Reached XP level 3. HP: 28/28 MP: 3/3
   805 | D:2      | Reached skill level 1 in Axes
   930 | D:2      | Found a faded altar of an unknown god.
  1156 | D:2      | Reached XP level 4. HP: 27/35 MP: 4/4
  1326 | D:2      | Prayed at the altar of an unknown god.
  1326 | D:2      | Became a worshipper of Qazlal Stormbringer
  1326 | D:2      | Reached * piety under Qazlal
  1373 | D:2      | HP: 1/35 [poisoned by an orc wizard]
  1374 | D:2      | Gained mutation: You have hidden genetic potential. [potion
                  | of mutation]
  1374 | D:2      | Succumbed to an orc wizard's poison

Illustrated notes

Levels and vault maps discovered:
D:1:      psy_arrival_statuary, layout_basic, kennysheep_boxes
D:2:      layout_basic, hellmonk_ecumenical_altar_lost_god
D:3:      layout_rooms, ebering_ghost_sewer_d

Skill      XL: |  1  2  3 |
---------------+----------+-----
Shields        | 3 |  3.0
Axes           | 1 |  1.8
Fighting       | 3 |  3.0
Long Blades    | |  2.3
Armour         | |  2.9
Dodging        | |  0.4

Action                   |  1- 3 |  4- 6 || total
-------------------------+-------+-------++-------
Melee: Long sword        |     9 |       ||     9
       Hand axe          |    86 |     3 ||    89
       Bite              |     8 |       ||     8
  Use: Scroll            |     3 |       ||     3
       Potion            |     1 |     1 ||     2
Armor: Scale mail        |    49 |     4 ||    53
Dodge: Dodged            |    31 |     4 ||    35
Block: Buckler           |    24 |     3 ||    27

Table legend: (Time is in decaauts)
 A = Elapsed time spent in this place.
 B = Non-inter-level travel time spent in this place.
 C = Inter-level travel time spent in this place.
 D = Time resting spent in this place.
 E = Time spent auto-exploring this place.
 F = Levels seen in this place.
 G = Mean time per level.
                   A        B        C        D        E       F      G
               +--------+--------+--------+--------+--------+-----+--------+
         Total |   1403 |   1345 |     58 |      0 |   1057 |   3 |  467.7 |
       Dungeon |   1403 |   1345 |     58 |      0 |   1057 |   3 |  467.7 |
               +--------+--------+--------+--------+--------+-----+--------+

Top non-repeatable levels by time:
     D:2: 703 daAuts
     D:1: 690 daAuts
     D:3: 9 daAuts
